 Dungeon Crawl Stone Soup version 0.14.0-18-g0341e45 (webtiles) character file.

288 Qrupt the Gusty (level 5, 0/28 HPs)
             Began as a Tengu Air Elementalist on Apr 20, 2014.
             Slain by a scorpion (9 damage)
             ... on Level 4 of the Dungeon.
             The game lasted 00:09:10 (3771 turns).

Qrupt the Gusty (Tengu Air Elementalist)            Turns: 3771, Time: 00:09:10

HP   0/28        AC  2     Str  9      XL: 5   Next: 23%
MP   1/13        EV 12     Int 16      God:
Gold 148         SH  0     Dex 14      Spells:  4 memorised,  2 levels left

rFire  . . .     SeeInvis .     e - +0 short sword
rCold  . . .     Clarity  .     a - +0 robe
rNeg   . . .     Conserve .     (no shield)
rPois  .         rCorr    .     (helmet restricted)
rElec  .         rRot     .     (no cloak)
SustAb . .       Spirit   .     (no gloves)
rMut   .         Warding  .     (boots unavailable)
Saprov . . .     Stasis   .     j - amulet of inaccuracy {unknown}
MR     .....                    (no ring)
                                (no ring)

@: lethally poisoned, not resistant to hostile enchantments, fairly stealthy
A: able to fly, beak, talons 3
a: Fly


You were on level 4 of the Dungeon.
You were very hungry.

You visited 1 branch of the dungeon, and saw 4 of its levels.

You collected 148 gold pieces.

Inventory:

Hand weapons
 e - a +0,+0 short sword (weapon)
Armour
 a - a +0 robe (worn)
Comestibles
 c - 3 bread rations
 h - 16 sultanas
 r - a snozzcumber
Scrolls
 d - 3 scrolls of remove curse {unknown}
 l - 5 scrolls of teleportation {unknown}
 o - 2 scrolls of identify {unknown}
 s - a scroll of amnesia {unknown}
 t - 3 scrolls of enchant weapon II {unknown}
 u - a scroll of fear {unknown}
 v - a scroll of magic mapping {unknown}
Jewellery
 j - an amulet of inaccuracy (around neck) {unknown}
 m - an uncursed ring of flight {unknown}
Potions
 f - 3 potions of curing {unknown}
 g - a potion of lignification {unknown}
 i - a potion of confusion {unknown}
 k - a potion of haste {unknown}
 n - a potion of beneficial mutation {unknown}
 p - 2 potions of restore abilities {unknown}
 q - a potion of might {unknown}
 w - a potion of brilliance {unknown}
Books
 b - a book of Air

   Spells                             Type                      Level
   *Shock                             Conjuration/Air              1
   *Swiftness                         Charms/Air                   2
   *Repel Missiles                    Charms/Air                   2
   *Flight                            Charms/Air                   3
   Static Discharge                   Conjuration/Air              3
   Lightning Bolt                     Conjuration/Air              5


   Skills:
 - Level 2.1 Dodging
 - Level 2.0 Stealth
 + Level 3.1 Spellcasting
 + Level 4.0 Conjurations
 + Level 5.4 Air Magic


You had 2 spell levels left.
You knew the following spells:

 Your Spells              Type           Power        Failure   Level  Hunger
a - Shock                 Conj/Air       ###.         2%          1    None
b - Repel Missiles        Chrm/Air       ##....       12%         2    ##.....
c - Swiftness             Chrm/Air       ##......     12%         2    ##.....
d - Flight                Chrm/Air       ##........   21%         3    ###....


Dungeon Overview and Level Annotations

Branches:
Dungeon (4/15)
 Temple: D:4-7

Altars:
Makhleb
Yredelemnul


Innate Abilities, Weirdness & Mutations

You can fly.
You have a beak for a mouth.
You have claws for feet.


Message History

The zap hits the scorpion.
The scorpion is heavily wounded.
You feel sick. The scorpion stings you.
Casting: Shock
Confirm with . or Enter, or press ? or * to list all spells.
Aiming: Shock
Press: ? - help, Shift-Dir - straight line, f/p - scorpion
Aim: a scorpion (heavily wounded)
The zap hits the scorpion.
The scorpion is heavily wounded.
You feel sick. The scorpion stings you.
Casting: Shock
Confirm with . or Enter, or press ? or * to list all spells.
Aiming: Shock
Press: ? - help, Shift-Dir - straight line, f/p - scorpion
Aim: a scorpion (heavily wounded)
The zap hits the scorpion.
The scorpion is almost dead.
The scorpion stings you!
You die...

..... ...........
.............
...............
................. .
.................. ....
..................
..... #.............#
...... #......s@...#
.....## ##.........##
......###.....#.....#
.......#.....###...[.#
............## ##......
.............###.......
..............#.......
.....................
.....................


You could see a scorpion.

Vanquished Creatures
  Ijyb (D:3)
  3 adders
  A worm (D:4)
  4 giant geckos
  2 oozes
  7 orcs (D:3)
  7 giant cockroaches
  6 hobgoblins
  4 jackals (D:3)
  8 kobolds
  A quokka (D:2)
  10 bats
  A giant newt (D:3)
  7 goblins
  A hobgoblin skeleton (D:3)
  7 rats
70 creatures vanquished.

Notes
Turn   | Place    | Note
--------------------------------------------------------------
     0 | D:1      | Qrupt, the Tengu Air Elementalist, began the quest for the Orb.
     0 | D:1      | Reached XP level 1. HP: 10/10 MP: 3/3
   162 | D:1      | Reached XP level 2. HP: 15/15 MP: 0/6
   935 | D:1      | Reached XP level 3. HP: 19/19 MP: 2/7
  1956 | D:2      | Reached XP level 4. HP: 16/24 MP: 0/9
  2057 | D:2      | Learned a level 2 spell: Repel Missiles
  2060 | D:2      | Learned a level 2 spell: Swiftness
  2064 | D:2      | Learned a level 3 spell: Flight
  2494 | D:3      | Reached skill level 5 in Air Magic
  3020 | D:3      | Found a basalt altar of Yredelemnul.
  3081 | D:3      | Noticed Ijyb
  3102 | D:3      | Killed Ijyb
  3102 | D:3      | Reached XP level 5. HP: 22/28 MP: 1/13
  3383 | D:3      | Found a burning altar of Makhleb.
  3384 | D:3      | Noticed a cacodemon
  3390 | D:3      | Noticed an orange demon
  3390 | D:3      | Noticed a ynoxinul
  3771 | D:4      | Slain by a scorpion

Action                   |  1- 3 |  4- 6 || total
-------------------------+-------+-------++-------
Melee: Unarmed           |     1 |       ||     1
       Short sword       |    19 |    17 ||    36
 Cast: Shock             |    96 |   107 ||   203
 Stab: Sleeping          |       |     1 ||     1
